 Dungeon Crawl Stone Soup version 0.27-a0-1529-g1e82c303ef (webtiles) character file.

Game seed: 17296171403444600981

758 tilp the Caller (level 7, -1/54 HPs)
             Began as a Barachi Summoner on July 11, 2021.
             Was a Believer of Okawaru.
             Slain by a gnoll sergeant (7 damage)
             ... on level 5 of the Dungeon.
             The game lasted 00:09:38 (7040 turns).

tilp the Caller (Barachi Summoner)                  Turns: 7040, Time: 00:09:39

Health: -1/54      AC:  6    Str: 11    XL:     7   Next: 80%
Magic:  4/11       EV: 13    Int: 16    God:    Okawaru [**....]
Gold:   1218       SH:  0    Dex: 14    Spells: 3/12 levels left

rFire    . . .     SeeInvis .   a - +6 whip of Res Nullius {freeze, Fly rCorr Dex+2}
rCold    . . .     Faith    +   (no shield)
rNeg     . . .     Spirit   .   m - +1 leather armour {rPois}
rPois    +         Reflect  .   (no helmet)
rElec    .         Harm     .   l - +1 cloak
rCorr    +         Rampage  .   (no gloves)
Will     .....                  (no boots)
Stlth    ++........             e - amulet of faith
HPRegen  0.18/turn              (no ring)
MPRegen  0.12/turn              (no ring)

@: flying, slow
A: amphibious, slowness 1, strong legs 1, +LOS
a: Hop, Renounce Religion, Heroism


You were on level 5 of the Dungeon.
You worshipped Okawaru.
Okawaru was pleased with you.
You visited 2 branches of the dungeon, and saw 6 of its levels.

You collected 1218 gold pieces.

Inventory:

Hand Weapons
 a - the +6 whip of Res Nullius (weapon) {freeze, Fly rCorr Dex+2}
   (You found it on level 4 of the Dungeon)

   It has been specially enchanted to freeze those struck by it, causing extra
   injury to most foes and up to half again as much damage against particularly
   susceptible opponents.
   It can also slow down cold-blooded creatures.
   Dex:       It affects your dexterity (+2).
   Fly:       It grants you flight.
   rCorr:     It protects you from acid and corrosion.
 b - a +0 vorpal war axe
 i - a +0 mace
 s - a +0 morningstar
 t - a +0 long sword
Missiles
 p - 37 poisoned darts (quivered)
Armour
 l - a +1 cloak (worn)
 m - a +1 leather armour of poison resistance (worn)
 q - a +0 buckler
Jewellery
 e - an amulet of faith (around neck)
Wands
 d - a wand of acid (7)
 j - a wand of flame (14)
 k - a wand of polymorph (5)
 u - a wand of iceblast (9)
Scrolls
 o - 2 scrolls of teleportation
 v - a scroll of blinking
 w - a scroll of fog {unknown}
Potions
 c - a potion of magic {unknown}
 f - a potion of heal wounds
 g - a potion of cancellation {unknown}
 h - 2 potions of curing
 n - 2 potions of might
 r - 2 potions of invisibility


   Skills:
 - Level 4.0 Fighting
 + Level 3.9 Dodging
 + Level 3.5 Stealth
 * Level 2.7 Shields
 - Level 3.0 Spellcasting
 - Level 6.0 Summonings
 * Level 2.2 Invocations
 + Level 3.0 Evocations


You had 3 spell levels left.
You knew the following spells:

 Your Spells              Type           Power      Damage    Failure   Level
a - Summon Small Mammal   Summ           84%        N/A       1%          1
b - Call Imp              Summ           21%        N/A       3%          2
c - Call Canine Familiar  Summ           21%        N/A       6%          3
d - Summon Guardian Gole  Hex/Summ       12%        N/A       22%         3

Your spell library contained the following spells:

 Spells                   Type           Power      Damage    Failure   Level
 Slow                     Hex            2%         N/A       36%         2
 Confusing Touch          Hex            2%         N/A       58%         3
 Dazzling Flash           Conj/Hex       4%         N/A       58%         3
 Portal Projectile        Hex/Tloc       4%         N/A       58%         3
 Stone Arrow              Conj/Erth      4%         3d7       58%         3
 Animate Armour           Summ/Erth      24%        N/A       56%         4
 Summon Lightning Spire   Summ/Air       12%        N/A       56%         4
 Leda's Liquefaction      Hex/Erth       1%         N/A       94%         4
 Agony                    Necr           2%         N/A       100%        5
 Silence                  Hex/Air        1%         N/A       100%        5
 Yara's Violent Unravell  Hex/Tmut       1%         3d3       100%        5
 Orb of Destruction       Conj           1%         N/A       100%        7
 Spellforged Servitor     Conj/Summ      6%         N/A       100%        7
 Lehudib's Crystal Spear  Conj/Erth      1%         10d2      100%        8


Dungeon Overview and Level Annotations

Branches:
Dungeon (5/15)             Temple (1/1) D:4

Altars:
Ashenzari
Cheibriados
Dithmenos
Fedhas
Hepliaklqana
Kikubaaqudgha
Makhleb
Nemelex Xobeh
Okawaru
Qazlal
Ru
Sif Muna
Trog
Uskayaw
Wu Jian
Xom
Yredelemnul
Zin
The Shining One

Annotations:
D:3 3 runed translucent doors, p0werm0de's ghost, amateur DsFi


Innate Abilities, Weirdness & Mutations

You are amphibious.
You cover ground slowly.
You can hop short distances.
You have an extended range of vision and can be seen from far away.


Message History

Unknown command.
You whack the gnoll sergeant! You freeze the gnoll sergeant.
The gnoll sergeant is severely wounded.
The gnoll closely misses you. The gnoll hits you with a +0 flail.
The gnoll sergeant barely misses you.
Your white imp hits the gnoll sergeant but does no damage.
The gnoll misses you.
Unknown command.
You hit the gnoll sergeant. You freeze the gnoll sergeant.
The gnoll sergeant is severely wounded.
The gnoll sergeant hits you with a +0 vorpal trident!
The gnoll hits you with a +0 flail!
* * * LOW HITPOINT WARNING * * *
Your white imp hits the gnoll sergeant but does no damage.
The gnoll hits you but does no damage.
The gnoll sergeant barely misses your white imp.
The gnoll hits you with a +0 flail!
* * * LOW HITPOINT WARNING * * *
You hit the gnoll sergeant. You freeze the gnoll sergeant.
The gnoll sergeant is almost dead.
Your white imp barely misses the gnoll.
The gnoll hits you from afar with a +0 spear.
* * * LOW HITPOINT WARNING * * *
The gnoll sergeant closely misses you. The gnoll hits you but does no damage.
Unknown command.
You barely miss the gnoll sergeant.
The gnoll sergeant is almost dead.
Your white imp hits the gnoll.
Your white imp freezes the gnoll.
The gnoll barely misses you. x2; The gnoll sergeant misses you.
Unknown command.
You hit the gnoll sergeant but do no damage.
The gnoll sergeant is almost dead.
Your crimson imp hits the gnoll sergeant but does no damage.
Your white imp hits the gnoll.
Your white imp freezes the gnoll.
The gnoll dies!
Okawaru accepts your kill.
The gnoll hits you from afar with a +0 spear.
* * * LOW HITPOINT WARNING * * *
The gnoll sergeant hits you with a +0 vorpal trident!
You die...

##.# #........# #.#
...# ########.# #g# ###
))##############.# #.#
#.. ..)...<........#.#
#g# #.#
..############.#.# #.#
#.# ..# #.#.# #.# #.#
..# #.#.# #.# #.# #.#
#5#g####.# #.#
#.############.5@)ggg.#
###.#
#..............5)######
#...#
#.################
#.### #.# #.# #.# #.#
#.# #.# #.# #.# #.#
##### #.# #.# #...# #.#


You could see a gnoll sergeant (ally target), 3 gnolls, a friendly crimson imp
(summoned) and 2 friendly white imps.

Vanquished Creatures
  A black bear (D:5)
  A scorpion (D:5)
  A water moccasin skeleton (D:5)
  A bullfrog skeleton (D:5)
  A hound (D:4)
  2 orc priests (D:5)
  An iguana (D:5)
  Natasha (twice) (D:2)
  2 orc wizards
  A hound skeleton (D:5)
  An adder (D:2)
  An adder skeleton (D:4)
  A worm (D:2)
  3 dart slugs
  9 orcs
  An endoplasm (D:1)
  3 giant cockroaches
  2 hobgoblins
  7 jackals
  2 kobolds
  3 quokkas
  A ball python (D:4)
  2 bats
  A frilled lizard (D:1)
  3 goblins
  3 rats
  A spectral goblin (D:1)
57 creatures vanquished.

Vanquished Creatures (collateral kills)
  2 ogres
  A scorpion (D:5)
  2 hounds
  An orc wizard (D:3)
  Natasha (D:2)
  2 gnolls (D:5)
  3 adders
  2 worms
  2 dart slugs
  3 orcs
  2 endoplasms (D:1)
  2 giant cockroaches (D:1)
  2 goblins
  2 hobgoblins (D:1)
  6 jackals
  3 quokkas
  2 ball pythons
  3 bats
  A jackal skeleton (D:4)
  2 kobolds
  A rat (D:1)
45 creatures vanquished.

Grand Total: 102 creatures vanquished

Notes
Turn   | Place    | Note
-------+----------+-------------------------------------------
     0 | D:1      | tilp the Barachi Summoner began the quest for the Orb.
     0 | D:1      | Reached XP level 1. HP: 13/13 MP: 3/3
   115 | D:1      | Reached skill level 1 in Fighting
   212 | D:1      | Found a faded altar of an unknown god.
   228 | D:1      | Reached XP level 2. HP: 22/22 MP: 0/5
   295 | D:1      | Learned a level 2 spell: Call Imp
   522 | D:1      | Reached skill level 5 in Summonings
   973 | D:1      | Reached XP level 3. HP: 27/27 MP: 3/6
   977 | D:1      | Learned a level 3 spell: Call Canine Familiar
  1492 | D:2      | Noticed Natasha
  1500 | D:2      | Killed Natasha
  1527 | D:2      | Noticed Natasha
  1537 | D:2      | Killed Natasha
  1538 | D:2      | Reached XP level 4. HP: 33/33 MP: 2/8
  2141 | D:2      | Noticed Natasha
  2151 | D:2      | Killed Natasha
  2152 | D:2      | Reached skill level 6 in Summonings
  3217 | D:2      | Learned a level 3 spell: Summon Guardian Golem
  3263 | D:3      | Reached XP level 5. HP: 25/38 MP: 2/9
  3526 | D:3      | Reached skill level 1 in Evocations
  3694 | D:3      | Found a runed translucent gate.
  3695 | D:3      | Found a runed translucent gate.
  3696 | D:3      | Found a runed translucent gate.
  3730 | D:3      | Noticed p0werm0de's ghost (amateur DsFi)
  4242 | D:3      | Noticed an ogre
  4250 | D:3      | Killed an ogre
  4251 | D:3      | Reached XP level 6. HP: 12/47 MP: 0/10
  4937 | D:4      | Found a sacrificial altar of Ru.
  5433 | D:4      | Found a staircase to the Ecumenical Temple.
  5518 | Temple   | Entered the Ecumenical Temple
  5615 | Temple   | Became a worshipper of Warmaster Okawaru
  5654 | D:4      | Found a hide-covered altar of Uskayaw.
  5764 | D:4      | Identified the +6 whip of Res Nullius {freeze, Fly rCorr
                  | Dex+2}
  5940 | D:4      | Identified a scroll of acquirement
  5940 | D:4      | Acquired 917 gold pieces
  5969 | D:5      | Entered Level 5 of the Dungeon
  6103 | D:5      | Reached skill level 1 in Shields
  6211 | D:5      | Reached skill level 1 in Invocations
  6287 | D:5      | Reached * piety under Okawaru
  6288 | D:5      | Reached XP level 7. HP: 52/52 MP: 3/11
  6914 | D:5      | Found a hazy altar of Hepliaklqana.
  6925 | D:5      | Reached ** piety under Okawaru
  7040 | D:5      | Slain by a gnoll sergeant

Illustrated notes

Levels and vault maps discovered:
D:1:      lightli_molten_gateway, layout_basic,
          dreamdust_ecumenical_altar_drowned_temple, minmay_misc_feat_room
D:2:      layout_basic, minmay_randomly_rotated_circles, uniq_natasha
D:3:      layout_basic, gammafunk_ghost_icy
D:4:      layout_layer_cave, overflow_temple_1_default,
          nicolae_ru_sacrificial_ziggurat, minmay_temple_entry_overgrown,
          serial_forest, infiniplex_forest_end_1, infiniplex_forest_clump_tiny,
          infiniplex_forest_zigzag_1, infiniplex_forest_corner_1,
          infiniplex_forest_end_3
D:5:      layout_loops_ring, mainiacjoe_overflow_paths, sigmund_army
Temple:   lightli_temple_of_artemis

Skill      XL: |  1  2  3  4  5  6  7 |
---------------+----------------------+-----
Fighting       | 1 2 3 4 |  4.0
Summonings     | 5 6 |  6.0
Spellcasting   | 3 |  3.0
Stealth        | 2 3 |  3.5
Evocations     | 1 2 3 |  3.0
Dodging        | 3 |  3.9
Shields        | 1 2 |  2.7
Invocations    | 1 2 |  2.2

Action                   |  1- 3 |  4- 6 |  7- 9 || total
-------------------------+-------+-------+-------++-------
Melee: Mace              |    38 |    14 |       ||    52
       Unarmed           |     2 |       |       ||     2
       Dagger            |     1 |       |       ||     1
       Long sword        |       |    56 |       ||    56
       War axe           |       |    51 |       ||    51
       Whip              |       |    23 |    45 ||    68
       Punch             |       |       |     2 ||     2
Throw: Dart              |       |     7 |     4 ||    11
 Cast: Summon Small Mamm |     9 |       |       ||     9
       Call Imp          |    18 |    42 |     8 ||    68
       Call Canine Famil |     1 |    13 |     3 ||    17
Invok: Heroism           |       |       |     1 ||     1
 Abil: Hop               |       |     1 |       ||     1
  Use: Scroll            |     2 |     7 |     1 ||    10
 Stab: Sleeping          |     1 |       |     1 ||     2
Armor: Robe              |     9 |    11 |       ||    20
       Leather armour    |       |    45 |    11 ||    56
       Skin              |       |     1 |       ||     1
Dodge: Dodged            |    31 |   143 |    42 ||   216
       Rpst.: Long sword |       |    11 |       ||    11

Table legend: (Time is in decaauts)
 A = Elapsed time spent in this place.
 B = Non-inter-level travel time spent in this place.
 C = Inter-level travel time spent in this place.
 D = Time resting spent in this place.
 E = Time spent auto-exploring this place.
 F = Levels seen in this place.
 G = Mean time per level.
                   A        B        C        D        E       F      G
               +--------+--------+--------+--------+--------+-----+--------+
         Total |   7777 |   7613 |    164 |   1313 |   5272 |   6 | 1296.2 |
       Dungeon |   7634 |   7490 |    144 |   1313 |   5162 |   5 | 1526.8 |
        Temple |    142 |    122 |     20 |      0 |    110 |   1 |  142.0 |
               +--------+--------+--------+--------+--------+-----+--------+

Top non-repeatable levels by time:
     D:2: 2087 daAuts
     D:4: 1503 daAuts
     D:1: 1454 daAuts
     D:3: 1446 daAuts
     D:5: 1143 daAuts
  Temple: 142 daAuts
